[Event "Early-Titled-Tuesday-Blitz-February-13-2024"]
[Site "Chess.com"]
[Date "2024.02.13"]
[Round "5"]
[White "ValentinDragnev"]
[Black "chess_blitz00"]
[Result "1-0"]
[WhiteElo "2756"]
[BlackElo "2474"]
[TimeControl "180+1"]
[EndTime "9:00:51 PST"]
[Termination "ValentinDragnev won on time"]

1. d4 d6 2. e4 Nf6 3. Nc3 e5 4. Nf3 Nbd7 5. Rg1 c6 6. g4 Qa5 7. b4 Qxb4 8. Bd2 Qa3 9. g5 Nh5 10. Rb1 Qa5 11. Bc4 Qc7 12. Qe2 g6 13. Bb3 Bg7 14. Kf1 exd4 15. Nd1 Nc5 16. Kg2 O-O 17. Kh1 Kh8 18. Nb2 Re8 19. Rbe1 Bf5 20. e5 dxe5 21. Qc4 Nxb3 22. axb3 Be6 23. Qf1 Bd5 24. Kg2 e4 25.
Nc4 exf3+ 26. Kh1 Rxe1 27. Qxe1 Bxc4 28. bxc4 Qe5 29. Qd1 Qe2 30. Qc1 Re8 31. Re1 Kg8 32. Rxe2 fxe2 33. Be1 Be5 34. Qd2 Nf4 35. h4 c5 36. Qa5 b6 37. Qxa7 d3 38. Qd7 Rf8 39. cxd3 Bd4 40. Bd2 Nxd3 41. Qe7 Nxf2+ 42. Kg2 Ng4 43.
Qxe2 f5 44. Qe6+ Kg7 45. Qxb6 Rf7 46. Qe6 Ra7 47. Kf3 Rf7 48. Bf4 1-0

[Event "Early-Titled-Tuesday-Blitz-February-13-2024"]
[Site "Chess.com"]
[Date "2024.02.13"]
[Round "5"]
[White "KacperKacprzak"]
[Black "Azerichess"]
[Result "0-1"]
[WhiteElo "2737"]
[BlackElo "3061"]
[TimeControl "180+1"]
[EndTime "9:00:52 PST"]
[Termination "Azerichess won by resignation"]

1. d4 d5 2. c4 c5 3. cxd5 Qxd5 4. Nf3 cxd4 5. Qxd4 Qxd4 6. Nxd4 a6 7. Nc3 Nf6 8.
e4 e5 9. Nb3 Be6 10. Be3 Bb4 11. Bd3 Nbd7 12. f3 Bxc3+ 13. bxc3 Rc8 14. Rc1 Bc4 15.
Ke2 Ke7 16. Rhd1 Rc7 17. Bxc4 Rxc4 18. Na5 Rc7 19. Rb1 b5 20. a4 bxa4 21. c4 Rhc8 22. Rb4 Nc5 23. Bxc5+ Rxc5 24. Rxa4 Nd7 25. Nb3 R5c6 26.
Rda1 Rb8 27. R1a3 Rxb3 28. Rxb3 Nc5 29. Rba3 Nxa4 30. Rxa4 Kd6 31. Kd3 Kc7 32. c5 Kb7 33.
Kc4 Rc8 34. Ra2 Rd8 35. Rb2+ Kc7 36. Ra2 Ra8 37. Kd5 f6 38. c6 a5 39. Kc5 a4 40.
Kb5 a3 41. Kb4 Kxc6 42. Kb3 Kc5 43. Rc2+ Kd4 44. Ka2 Ra7 45. h4 h5 46. Rf2 Ke3 47. Rc2 Kf4 48. Rc8 Kg3 49. Rh8 Kxg2 50. Rxh5 Kxf3 51.
Rh7 Kxe4 52. h5 Kf5 53. Rh8 Kg5 54.
Ka1 e4 55. Re8 f5 56. Re5 Rf7 57.
Ka2 Kxh5 58. Kxa3 Kg4 59. Kb2 Kf3 0-1

[Event "Early-Titled-Tuesday-Blitz-February-13-2024"]
[Site "Chess.com"]
[Date "2024.02.13"]
[Round "5"]
[White "mbojan"]
[Black "sergeikim"]
[Result "1-0"]
[WhiteElo "2866"]
[BlackElo "2624"]
[TimeControl "180+1"]
[EndTime "9:00:52 PST"]
[Termination "mbojan won by resignation"]

1. d4 Nf6 2. c4 g6 3. Nc3 Bg7 4. e4 d6 5. Nf3 O-O 6. Be2 e5 7. d5 Nh5 8. g3 a5 9. Be3 Na6 10. Nd2 Nf6 11. g4 Nc5 12. h4 Bd7 13. h5 c6 14. h6 Bh8 15. f3 Ne8 16. Nb3 b6 17. Nxc5 bxc5 18. Qd2 Nc7 19. dxc6 Bxc6 20. Rd1 Ne6 21. Qxd6 Qc8 22. Nd5 Bxd5 23. cxd5 Nd4 24. Bxd4 cxd4 25. Qc6 Qd8 26. Qc2 Rc8 27. Qd3 Bf6 28. Kf2 Bg5 29. Kg2 Bf4 30. Qb3 Qg5 31. Bd3 Rb8 32. Qc2 Rfc8 33. Qe2 a4 34.
Rb1 Rb4 35. b3 a3 36. Bc4 Rbb8 37. Bd3 Rc3 38. b4 Qe7 39. b5 Qc5 40. Rb3 Rc1 41.
Rxc1 Qxc1 42. Rb1 Qc7 43. Qc2 Qe7 44. Qf2 Bxh6 45. b6 Be3 46. Qe1 Bf4 47. Bc4 Kg7 48. d6 Qxd6 49. b7 Qc7 50. Bd5 Qc2+ 51. Kf1 d3 52.
Rd1 d2 53. Qe2 Qc3 54. Kf2 Qc5+ 55. Kg2 Qc6 56. Bxc6 Rxb7 57. Bxb7 1-0

[Event "Early-Titled-Tuesday-Blitz-February-13-2024"]
[Site "Chess.com"]
[Date "2024.02.13"]
[Round "5"]
[White "Yan_Dyomin2010"]
[Black "maciek_92"]
[Result "0-1"]
[WhiteElo "2595"]
[BlackElo "2822"]
[TimeControl "180+1"]
[EndTime "9:00:53 PST"]
[Termination "maciek_92 won by resignation"]

1. e4 c5 2. c3 Nf6 3. e5 Nd5 4. Bc4 Nb6 5. Bb3 c4 6. Bc2 Nc6 7. Nf3 d5 8. exd6 Qxd6 9. O-O Bg4 10. h3 Bh5 11. Re1 e6 12. Na3 Be7 13. b3 cxb3 14. axb3 O-O 15. d4 Nd5 16. Bd2 Rac8 17. Nc4 Qc7 18. Bd3 Rfd8 19. Ne3 Nf4 20. Be4 Bg6 21. Bxg6 hxg6 22. Nc4 Nd5 23. Ne3 Nf4 24. Nc4 Nd5 25. Ne3 Nf6 26. Nc4 b5 27. Nce5 Nxe5 28. Nxe5 Nd5 29. Rc1 Bf6 30. Ng4 Be7 31. Qf3 a5 32. c4 bxc4 33. bxc4 Nb4 34. Ne5 Bf6 35. Bc3 Bxe5 36. Rxe5 Qxc4 37. Bb2 Qd3 38. Qxd3 Nxd3 39. Rxc8 Rxc8 40. Rb5 Nxb2 41. Rxb2 a4 42. Rb7 Ra8 43. Rb2 a3 44. Ra2 Kf8 45. Kf1 Ke7 46. Ke2 Kd6 47.
Kd3 Kd5 48. Kc3 g5 49. f3 g6 50. Kb3 Kxd4 51. Rd2+ Ke3 52. Ra2 Kf4 53. Kb4 Kg3 54. Kb5 Rb8+ 55. Kc4 Rb2 56. Rxa3 Kxg2 57. Kd4 Rb5 58.
Ke4 Rf5 59. Rd3 Rf4+ 60. Ke5 Rxf3 61. Rd2+ Kg3 62. Rd7 Rf5+ 63. Ke4 Kxh3 64. Rd8 g4 65. Rh8+ Kg2 66. Rd8 g3 67. Rd2+ Kh3 68. Rd3 g5 69. Re3 Kh2 70. Re2+ g2 71. Rb2 Kh1 72. Rxg2 Kxg2 0-1

[Event "Early-Titled-Tuesday-Blitz-February-13-2024"]
[Site "Chess.com"]
[Date "2024.02.13"]
[Round "5"]
[White "giomar27"]
[Black "GlavkonVVS"]
[Result "1-0"]
[WhiteElo "2473"]
[BlackElo "2593"]
[TimeControl "180+1"]
[EndTime "9:00:57 PST"]
[Termination "giomar27 won by resignation"]

1. d4 Nf6 2. Nc3 d5 3. Bf4 c6 4.
f3 h5 5. e4 dxe4 6. fxe4 Bg4 7. Nf3 Qa5 8. Bd3 Nbd7 9. e5 Nd5 10. Bd2 Qb6 11. Nxd5 cxd5 12. c3 e6 13. h3 Bf5 14.
Bxf5 exf5 15. Qc2 g6 16. O-O Be7 17. Rae1 Nf8 18. Bg5 Ne6 19. Bxe7 Kxe7 20. Nh4 Rac8 21. Qf2 f4 22. g3 g5 23. Nf5+ Kd7 24. Nd6 Rcf8 25. Qf3 Qc6 26. Kh2 g4 27. Qd3 f3 28.
h4 Kc7 29. b4 Kb8 30. b5 Qc7 31. Rc1 f6 32. c4 fxe5 33. dxe5 d4 34. c5 Nxc5 35.
Qxd4 b6 36. Qd5 Rd8 37. Rf2 Rh7 38. Rd1 Rhd7 39. Rfd2 Nb7 40. Qc6 Qxc6 41. bxc6 Rxd6 42. exd6 Rxd6 43. Rxd6 Nxd6 44. Rxd6 Kc7 45. Rf6 a5 46. Kg1 b5 47. Kf2 b4 48. Ke3 a4 49. Kd3 b3 50.
axb3 a3 51. Kc2 Kb6 52. Kb1 f2 53. Rxf2 Kxc6 54. Ka2 Kd5 55. Kxa3 Ke4 56. Rf8 Ke3 57. b4 1-0

[Event "Early-Titled-Tuesday-Blitz-February-13-2024"]
[Site "Chess.com"]
[Date "2024.02.13"]
[Round "5"]
[White "Hui_Li_Macau"]
[Black "yuriydovzik"]
[Result "1-0"]
[WhiteElo "2361"]
[BlackElo "2109"]
[TimeControl "180+1"]
[EndTime "9:00:57 PST"]
[Termination "Hui_Li_Macau won on time"]

1. e4 c6 2. d4 Na6 3. Nf3 g6 4. Bd3 Nc7 5. O-O d5 6. Nbd2 h5 7. Re1 Bg7 8. c3 Bg4 9. Nf1 e6 10. h3 Bxf3 11. Qxf3 Ne7 12. Bg5 O-O 13. Bf6 Bxf6 14.
Qxf6 dxe4 15. Bxe4 Ned5 16. Qe5 Qf6 17. Rad1 Rad8 18.
g3 Kg7 19. a3 Rd7 20. Qxf6+ Nxf6 21. Bf3 Rfd8 22. Ne3 Ncd5 23. Nc4 Rc7 24. Ne5 Nd7 25.
Kf1 Nxe5 26. Rxe5 Rcd7 27. Rde1 Nb6 28. R5e2 Nc4 29. Be4 a6 30. Bb1 Nd6 31. Ba2 Nb5 32.
h4 Nc7 33. f3 Rd6 34. Kf2 R6d7 35. Re5 Rd6 36. Bc4 Nd5 37. Bb3 Rc8 38. Ba2 b5 39. Rg1 a5 40. g4 hxg4 41. Rxg4 Nf6 42. Rg3 Kf8 43. Bb1 Nh5 44. Rg1 Rd5 45. Be4 Rxe5 46. dxe5 Nf4 47. Ke3 Nd5+ 48. Kf2 c5 49. Bxd5 exd5 50.
Ke3 Ke7 51. f4 Rd8 52. Rg5 d4+ 53. cxd4 1-0

[Event "Early-Titled-Tuesday-Blitz-February-13-2024"]
[Site "Chess.com"]
[Date "2024.02.13"]
[Round "5"]
[White "atalz0"]
[Black "Iuckyducky"]
[Result "0-1"]
[WhiteElo "2431"]
[BlackElo "2277"]
[TimeControl "180+1"]
[EndTime "9:00:57 PST"]
[Termination "Iuckyducky won on time"]

1. d4 Nf6 2. c4 e6 3. Nc3 Bb4 4. Qc2 O-O 5. e4 d5 6. e5 Ne4 7.
Bd3 c5 8. Nf3 cxd4 9. Nxd4 Nd7 10.
Bxe4 dxe4 11. Qxe4 Qa5 12. O-O Qxe5 13. Qh4 Nf6 14. Ndb5 Qf5 15. a3 Be7 16. Qf4 Qxf4 17.
Bxf4 Bd7 18. Rfd1 Bc6 19. Nd4 Rac8 20. Nxc6 Rxc6 21. b3 Nh5 22. Be3 a6 23. a4 g6 24.
Rac1 Ng7 25. Ne2 Nf5 26. Nd4 Nxe3 27. Nxc6 bxc6 28. fxe3 Rb8 29. Rd3 Bc5 30. Rcd1 Kg7 31.
Kf1 Kf6 32. Ke2 Ke5 33. Rb1 a5 34. Rbd1 f5 35. h3 Ke4 36. g4 Rb6 37. Rf1 Rb7 38.
Rf4+ Ke5 39. Rf3 Ke4 40. Rf1 Ke5 41. Kf3 Rf7 42. Kg2 Rb7 43. Rf4 Bxe3 44. Rf1 Bc5 45. Re1+ Kf6 46. Rf3 Rb8 47. h4 Rd8 48. g5+ Kf7 49.
Re2 Bd4 50. Rh3 c5 51. h5 gxh5 52. Rxh5 Kg6 53. Rh6+ Kxg5 54. Rxh7 e5 55. Rg7+ Kf6 56. Rh7 Rb8 57. Kf3 Rxb3+ 58. Kg2 Rb4 59. Rh6+ Kg5 60. Rd6 Rxc4 61. Kh3 Rxa4 62. Rg2+ Kf4 63. Rh6 Ra3+ 64. Kh2 Rc3 65. Rh4+ Ke3 66. Rh3+ Ke4 0-1

[Event "Early-Titled-Tuesday-Blitz-February-13-2024"]
[Site "Chess.com"]
[Date "2024.02.13"]
[Round "5"]
[White "Vigg-Sama"]
[Black "LileKoridze"]
[Result "0-1"]
[WhiteElo "2246"]
[BlackElo "2425"]
[TimeControl "180+1"]
[EndTime "9:00:58 PST"]
[Termination "LileKoridze won by checkmate"]

1. c4 e5 2. g3 Nf6 3. Bg2 d5 4. cxd5 Nxd5 5. Nf3 Nc6 6. Nc3 Nb6 7. O-O Be7 8. d3 O-O 9. Be3 Be6 10. Rc1 Qd7 11.
Re1 f6 12. a3 Nd4 13. Ne4 c6 14. Nc5 Bxc5 15. Rxc5 Rfd8 16. Bxd4 exd4 17. Nd2 Bd5 18. Bxd5+ Nxd5 19. Nf3 b6 20. Rc4 c5 21. b4 Nc3 22.
Qd2 Qd5 23. bxc5 bxc5 24. Rxc3 dxc3 25. Qxc3 Rab8 26. Nd2 Rbc8 27. Rc1 Qh5 28. f3 Re8 29. Qc4+ Kh8 30. d4 Qg5 31. Ne4 Qe3+ 32. Kf1 Qxa3 33.
g4 Red8 34. dxc5 h6 35. c6 Rd4 36. Qc2 Rc7 37. Rb1 Rd8 38. Rb7 Qa1+ 39. Kg2 Qe5 40.
h4 Rdc8 41. Rxc7 Qxc7 42. Qc4 Qxc6 43. Qf7 Qe8 44. Qd5 Qe5 45. Qd7 Rc2 46. Kf2 Qc7 47. Qe8+ Kh7 48. h5 Qb6+ 49. Kf1 Rc1+ 50. Kg2 Qg1+ 51. Kh3 Qh1+ 52. Kg3 Rg1+ 53. Kf4 Qh2+ 54. Ke3 Qe5 55. Qg6+ Kg8 56. Kf2 Rd1 57. e3 Qh2# 0-1

[Event "Early-Titled-Tuesday-Blitz-February-13-2024"]
[Site "Chess.com"]
[Date "2024.02.13"]
[Round "5"]
[White "mitrabhaa"]
[Black "Vaibhavraut99"]
[Result "0-1"]
[WhiteElo "2901"]
[BlackElo "2688"]
[TimeControl "180+1"]
[EndTime "9:00:59 PST"]
[Termination "Vaibhavraut99 won by resignation"]

1. Nf3 Nf6 2. d4 e6 3. Bf4 b6 4. e3 Bb7 5. h3 g6 6. Nbd2 Bg7 7. Bd3 O-O 8. e4 d6 9. c3 Nbd7 10. O-O Nh5 11. Bh2 e5 12. a4 a6 13. Re1 Qe7 14.
Qb3 Kh8 15. Bc4 Nhf6 16. Ng5 Kg8 17. Ngf3 h6 18. Qc2 Kh8 19. dxe5 dxe5 20. Nf1 Nh5 21.
Ne3 c6 22. b4 b5 23. Bb3 Rfd8 24. Qa2 Kg8 25. Ng4 Nf4 26. Bxf4 exf4 27. e5 Nf8 28. e6 f5 29. Nge5 c5 30. bxc5 Bxf3 31.
Nxf3 Bxc3 32. c6 Bxa1 33. Qxa1 Rac8 34. Ne5 f3 35. g3 b4 36. Qc1 Kh7 37. Nxf3 Rd3 38.
Nd2 Rc3 39. Qd1 R8xc6 40. Nf3 Rd6 41. Qxd6 Qxd6 42. e7 Rc8 43. e8=Q Rxe8 44. Rxe8 Qd3 45. Re3 Qb1+ 46. Kg2 Kg7 47. Ne5 f4 48. gxf4 Nh7 49.
Ng4 h5 50. Ne5 Nf6 51. Nf3 h4 52. Nxh4 Nh5 53. Re7+ Kf8 54. Nxg6+ Qxg6+ 0-1

[Event "Early-Titled-Tuesday-Blitz-February-13-2024"]
[Site "Chess.com"]
[Date "2024.02.13"]
[Round "5"]
[White "temiksmozg"]
[Black "Szparu"]
[Result "0-1"]
[WhiteElo "2606"]
[BlackElo "2794"]
[TimeControl "180+1"]
[EndTime "9:01:00 PST"]
[Termination "Szparu won by resignation"]

1. e4 e6 2. d4 d5 3. Nc3 Nf6 4. e5 Nfd7 5. f4 c5 6. Nf3 Nc6 7. Be3 Be7 8. dxc5 Nxc5 9. Qd2 Bd7 10. a3 Ne4 11. Nxe4 dxe4 12. Nd4 Nxd4 13. Bxd4 Bc6 14.
Be2 Bh4+ 15. Kf1 Qd5 16. Qe3 g5 17. c4 Qd7 18. Rd1 gxf4 19. Qxf4 Qe7 20. b4 b6 21. Be3 Rg8 22. g3 Bg5 23. Qf2 Bxe3 24. Qxe3 Rg5 25. Kg2 Rxe5 26. Rhf1 Rd8 27. Qh6 e3+ 28.
Kg1 Rxd1 29. Rxd1 Be4 30. Qg7 Qc7 31. c5 Rd5 32. Bb5+ Ke7 33. Rxd5 exd5 34. Qg5+ Kf8 35. Qxe3 Qe5 36. cxb6 d4 37. Qh6+ Kg8 38. bxa7 Qxb5 39. Qf4 Qd5 40. Qb8+ Kg7 41. a8=Q Qxa8 42. Qxa8 Bxa8 43.
b5 Kf6 44. a4 Ke5 45. Kf2 Kd5 46. Ke2 Kc4 47. Kd2 Be4 48. b6 Kb4 49. b7 Bxb7 50.
Kd3 Kxa4 51. Kxd4 Kb4 52. Ke5 Kc5 53. Kf6 Bd5 54. Kg7 h5 55. Kh6 Bf3 56. Kg7 f5 57. Kf6 Bg4 58. Kg5 Kd4 59. h3 Bxh3 60. Kxh5 Bg4+ 61.
Kh4 Ke4 62. Kg5 Kf3 63. Kh4 Kf2 0-1

[Event "Early-Titled-Tuesday-Blitz-February-13-2024"]
[Site "Chess.com"]
[Date "2024.02.13"]
[Round "5"]
[White "Fh2411"]
[Black "Alex_Terzi"]
[Result "1-0"]
[WhiteElo "2631"]
[BlackElo "2489"]
[TimeControl "180+1"]
[EndTime "9:01:04 PST"]
[Termination "Fh2411 won by resignation"]

1. d4 Nf6 2. Nf3 g6 3. c4 c5 4. d5 b5 5. cxb5 a6 6. e3 Bg7 7. Nc3 O-O 8. a4 d6 9. Bd2 e6 10. Bc4 axb5 11. axb5 Rxa1 12. Qxa1 exd5 13. Nxd5 Bb7 14.
Nxf6+ Bxf6 15. O-O d5 16. Be2 Nd7 17. Bc3 Qb6 18.
Bxf6 Nxf6 19. b4 cxb4 20. Rb1 Qd6 21. Qd4 Rc8 22. h3 Ne4 23. Qxb4 Qxb4 24. Rxb4 Rc1+ 25.
Bf1 Nc3 26. Nd4 Ne4 27. Nf3 Nc3 28. Rb2 h6 29. Nd4 Kg7 30. g4 h5 31. Kg2 hxg4 32. hxg4 Rd1 33. g5 Ne4 34. f4 Nc3 35. Be2 Re1 36.
Kf2 Rh1 37. Kg2 Re1 38. Kf2 Rh1 39. Bf3 Rh2+ 40. Bg2 Nd1+ 41. Kg1 Nxb2 42. Kxh2 Nc4 43. Nb3 Nd6 44. Nc5 Bc8 45. b6 Nb7 46. Na6 Be6 47. Nb4 Kf8 48. Bxd5 Bxd5 49. Nxd5 Ke8 50. Kg3 Kd7 51. e4 Kd6 52. Kf3 Kc6 53. Ke3 Nc5 54. Kd4 Ne6+ 55. Ke5 Nc5 56. Kf6 Nxe4+ 57. Kxf7 Ng3 58.
Kxg6 Ne4 59. f5 Kxd5 60. b7 Nd6 61. b8=Q Ke5 62. Qxd6+ Kxd6 63. f6 Ke6 64. f7 1-0

[Event "Early-Titled-Tuesday-Blitz-February-13-2024"]
[Site "Chess.com"]
[Date "2024.02.13"]
[Round "5"]
[White "Amirreza_p"]
[Black "ilushka"]
[Result "0-1"]
[WhiteElo "2733"]
[BlackElo "2483"]
[TimeControl "180+1"]
[EndTime "9:01:06 PST"]
[Termination "ilushka won on time"]

1. e4 e6 2. d4 d5 3. exd5 exd5 4. Bd3 Nc6 5. Nf3 Bd6 6. c3 Nge7 7. O-O O-O 8. Re1 Bf5 9. Bg5 f6 10. Bh4 Qd7 11. Bf1 Rfe8 12. Nbd2 a6 13. Bg3 Rad8 14. Qb3 Na5 15. Qd1 b5 16. a4 Nc4 17. Nxc4 bxc4 18. b3 cxb3 19. Qxb3 Rb8 20. Qa2 Bxg3 21. hxg3 Qd6 22. Nd2 Kf8 23. a5 Bd7 24. c4 dxc4 25. Nxc4 Qd5 26. Qa3 Bb5 27. Ne3 Qd6 28. Qxd6 cxd6 29.
Rec1 Bxf1 30. Kxf1 Rec8 31. Nc4 Rc6 32. Nb6 Rb7 33. d5 Rcc7 34. Ke2 Ke8 35. Kd3 Kd8 36.
g4 Rxc1 37. Rxc1 Rc7 38. Rxc7 Kxc7 39. Ke4 Ng6 40. f4 Ne7 41. Nc4 g6 42. Ne3 Kd7 43. g5 f5+ 44. Kd4 Nc8 45. Nc2 Kc7 46. Nb4 Kb7 47. Nc6 Na7 48. Nd8+ Kc7 49. Ne6+ Kd7 50.
Nf8+ Ke7 51. Nxh7 Nb5+ 52. Kd3 Nc7 53. Nf6 Nb5 0-1

[Event "Early-Titled-Tuesday-Blitz-February-13-2024"]
[Site "Chess.com"]
[Date "2024.02.13"]
[Round "5"]
[White "Jaka_Brilej"]
[Black "Alenzer"]
[Result "1-0"]
[WhiteElo "2540"]
[BlackElo "2141"]
[TimeControl "180+1"]
[EndTime "9:01:06 PST"]
[Termination "Jaka_Brilej won by resignation"]

1. e4 c5 2. Nf3 e6 3. c3 d5 4. exd5 exd5 5. d4 Nf6 6. Bb5+ Nc6 7. O-O Bd6 8. Re1+ Be6 9. dxc5 Bxc5 10. Nbd2 O-O 11.
Nb3 Bb6 12. h3 Ne4 13. Be3 Bc7 14. Nc5 Nxc5 15. Bxc5 Bd6 16. Bxd6 Qxd6 17. Qd2 a6 18. Ba4 Rad8 19. Rad1 Na5 20. Bc2 Nc4 21. Qc1 Qd7 22.
Bb3 b5 23. Bxc4 bxc4 24. Re2 h6 25. Nd4 Rfe8 26. Nc2 Bf5 27. Rxe8+ Rxe8 28. Ne3 Bd3 29. b4 Qd6 30. Qb2 Be4 31. Rd4 Bd3 32. Rxd5 Qe6 33.
Rd4 Qe5 34. Qd2 Re7 35. a4 Re8 36. Rd5 Qe6 37. Rd4 Qe5 38. Nxc4 Bxc4 39. Rxc4 Qe6 40. Rd4 Qe5 41. a5 Qe1+ 42. Kh2 Qxd2 43. Rxd2 Rc8 44. Rc2 Rc4 45. Kg3 Kf8 46. Kf3 Ke7 47. Ke3 Kd6 48. Kd3 Kd5 49. Re2 Rf4 50. c4+ Kd6 51. Kc3 f6 52. b5 axb5 53. cxb5 Ra4 54. a6 Kc5 55. Rb2 Ra3+ 56. Kd2 Ra4 57. Ke2 Ra3 58. g3 Kb6 59. h4 Ra4 60. Kf1 g6 61. Kg2 Rd4 62. Re2 Rd6 63. Rb2 f5 64. Kf3 Re6 65.
Ra2 Rd6 66. a7 Rd8 67. a8=Q Rxa8 68. Rxa8 Kxb5 69. Rg8 1-0

[Event "Early-Titled-Tuesday-Blitz-February-13-2024"]
[Site "Chess.com"]
[Date "2024.02.13"]
[Round "5"]
[White "NM_Antelacus"]
[Black "Road2GM3000"]
[Result "0-1"]
[WhiteElo "2248"]
[BlackElo "2472"]
[TimeControl "180+1"]
[EndTime "9:01:06 PST"]
[Termination "Road2GM3000 won on time"]

1. e4 c5 2. Nf3 d6 3. c3 Nf6 4.
Be2 g6 5. O-O Bg7 6. Re1 O-O 7.
Bf1 Bg4 8. h3 Bxf3 9. Qxf3 Nc6 10. d3 Nd7 11. Nd2 e6 12. Qe2 d5 13. Nf3 Qb6 14. Be3 d4 15. cxd4 cxd4 16. Bg5 h6 17. Bh4 Rac8 18. Rac1 Nb4 19. Be7 Rfe8 20. Bxb4 Qxb4 21.
Qd2 Qa4 22. b3 Qa3 23. Rc2 Nb6 24. Rec1 Rxc2 25. Rxc2 Rc8 26. Rxc8+ Nxc8 27. Qc2 Nd6 28. Be2 Nb5 29. e5 Qb4 30. Qc8+ Kh7 31. Qxb7 Kg8 32.
Qc8+ Bf8 33. Qc4 Qxc4 34. dxc4 Nc3 35. Bd3 Nxa2 36. Nxd4 g5 37. Kf1 Bg7 38. Nc6 a6 39. Bc2 Kf8 40. Ke1 Ke8 41. Kd2 Kd7 42. Be4 Kc7 43. Kc2 a5 44. Kb2 Nb4 45. Nxa5 Bxe5+ 46. Ka3 Bd6 47. Ka4 Na6 48. Bh7 Kb6 49. Bg8 Nc5+ 50.
Ka3 Nd3+ 51. Ka2 Kxa5 52. Bxf7 e5 53. f3 Ne1 54. Kb2 Nxg2 55. Kc3 Nf4 56. Bg8 Bb4+ 57.
Kc2 Nxh3 58. Kd3 Ng1 59. Ke4 Bc3 60. Be6 Kb4 61. Bg4 Kxb3 62. c5 Ne2 63. c6 Ng3+ 64.
Kd5 Ba5 65. Kxe5 h5 66. Bh3 Kc4 67. Kf6 Bd8+ 68. Ke5 Kc5 69. f4 g4 70. Bg2 Bc7+ 71.
Kf6 h4 72. Kg5 h3 0-1

[Event "Early-Titled-Tuesday-Blitz-February-13-2024"]
[Site "Chess.com"]
[Date "2024.02.13"]
[Round "5"]
[White "SpongeBob_03"]
[Black "esrosenberg"]
[Result "0-1"]
[WhiteElo "2219"]
[BlackElo "2414"]
[TimeControl "180+1"]
[EndTime "9:01:07 PST"]
[Termination "esrosenberg won on time"]

1. e4 e6 2. d4 d5 3. exd5 exd5 4. Nc3 Nf6 5. Bd3 c6 6. Nge2 Bg4 7. f3 Bh5 8. g4 Bg6 9. Nf4 Bd6 10. O-O Qc7 11.
Re1+ Kf8 12. Bxg6 hxg6 13. Nce2 g5 14. Nd3 Bxh2+ 15. Kg2 Bd6 16. Rh1 Rxh1 17. Qxh1 Nbd7 18. Bxg5 Kg8 19. Re1 Re8 20. Nef4 Rxe1 21. Qxe1 Nh7 22. Qe8+ Ndf8 23. Bd8 Qd7 24. Qxd7 Nxd7 25. Ba5 b6 26.
Bd2 a5 27. c3 g6 28. Ne2 Kf8 29. Bh6+ Ke7 30. Bf4 Nhf8 31. Kg3 Ne6 32. Bxd6+ Kxd6 33. Nef4 c5 34. Nxe6 Kxe6 35. Kf4 f6 36. g5 f5 37.
Kg3 Nf8 38. Nf4+ Kd6 39. Kh4 Kc6 40. a4 cxd4 41. cxd4 Kd6 42. Kg3 Kc6 43. Kf2 b5 44. axb5+ Kxb5 45. Ke3 Kc4 46. Nd3 a4 47. Nf4 Kb3 48.
Nxd5 Kxb2 49. Nb4 Kb3 50. Nd3 a3 51. d5 Kc2 52. Nb4+ Kb3 53. Nd3 Kc3 54. Nc1 Kc2 55. Na2 Kb3 56. Nc1+ Kc4 57. d6 Kd5 58. Kd3 Kxd6 59. Kc3 Ke5 60. Ne2 Ne6 61. Kb3 Nf4 62. Ng3 Nd3 63. Kxa3 Kf4 64. Ne2+ Kxf3 65. Nd4+ Kg4 66.
Ne6 f4 67. Kb3 f3 68. Kc3 f2 69. Kxd3 f1=Q+ 70. Ke4 Qf5+ 0-1

[Event "Early-Titled-Tuesday-Blitz-February-13-2024"]
[Site "Chess.com"]
[Date "2024.02.13"]
[Round "5"]
[White "Dinosaurio_1975"]
[Black "Matibar"]
[Result "1-0"]
[WhiteElo "2599"]
[BlackElo "2756"]
[TimeControl "180+1"]
[EndTime "9:01:08 PST"]
[Termination "Dinosaurio_1975 won by resignation"]

1. e4 e5 2. Nf3 d6 3. d4 exd4 4. Nxd4 Nf6 5. Nc3 Be7 6. Bc4 O-O 7. O-O Nc6 8. f3 a6 9. a4 Nxd4 10. Qxd4 Be6 11. Bxe6 fxe6 12. e5 Nd7 13. exd6 Bxd6 14. Qe4 Qf6 15. Be3 Qe5 16. Qxe5 Bxe5 17. Ne4 Nf6 18. Nc5 b6 19. Nd3 Bd6 20. Bd4 Nd7 21. Rfe1 Rae8 22. a5 b5 23. Re2 c5 24. Be5 Nxe5 25.
Nxe5 Rf5 26. Rae1 Bc7 27. c3 c4 28. Nc6 Kf7 29. Nb4 Bxa5 30. Nxa6 Bb6+ 31. Kf1 g5 32. h3 h5 33. Re4 Rd5 34. Nb4 Rd2 35. R4e2 Rxe2 36. Kxe2 Kf6 37. Nc2 Bc5 38. Ne3 Ra8 39.
Kd2 Rd8+ 40. Kc2 Rd3 41. Nf1 Kf5 42. b3 Rd8 43. Ng3+ Kg6 44. Rxe6+ Kf7 45. Re2 h4 46. Ne4 cxb3+ 47. Kxb3 Be7 48. Rd2 Ra8 49. Rd7 Ke6 50.
Rb7 Ra3+ 51. Kb2 Ra5 52. Rb6+ Ke5 53. Kb3 Kf4 54. Re6 Ra3+ 55. Kb2 Ra7 56. Rb6 Ra5 57. Rb7 Ba3+ 58. Kb3 Bc1 59. Rg7 Ra3+ 60. Kc2 Be3 61. Rxg5 Bg1 62. Rg4+ Ke3 63. Kb2 Ra4 64.
Rxh4 Ke2 65. Rg4 Be3 66. h4 Kd1 67. h5 Bc1+ 68. Kb3 Ra2 69. Kxa2 1-0

[Event "Early-Titled-Tuesday-Blitz-February-13-2024"]
[Site "Chess.com"]
[Date "2024.02.13"]
[Round "5"]
[White "levallem"]
[Black "FLYD"]
[Result "1-0"]
[WhiteElo "2332"]
[BlackElo "1967"]
[TimeControl "180+1"]
[EndTime "9:01:08 PST"]
[Termination "levallem won by checkmate"]

1. d4 d5 2. Nf3 c5 3. e3 cxd4 4. exd4 Nc6 5. Bd3 Nf6 6. O-O Bg4 7. c3 e6 8. Nbd2 Bd6 9. h3 Bh5 10. Re1 O-O 11. a4 Rc8 12. g4 Bg6 13. Nf1 Ne4 14. Qe2 f5 15. g5 Bh5 16. h4 e5 17. Be3 Qd7 18. N1h2 exd4 19. Bxd4 Rce8 20. Qf1 a6 21. Qg2 Ne7 22. Ne5 Bxe5 23. Bxe5 Ng6 24. Bxe4 fxe4 25. Bg3 Qe6 26. Rad1 Nf4 27. Qf1 Bxd1 28.
Rxd1 Nh3+ 29. Kg2 Nf4+ 30. Kh1 Nh5 31. Qg2 e3 32. Re1 exf2 33. Rxe6 Rxe6 34. Nf1 Nxg3+ 35. Nxg3 Re1+ 36. Nf1 Rb1 37. Kh2 Rxb2 38. Qxd5+ Kh8 39. Qd6 Re8 40. Qd7 Rf8 41. Qd6 Re8 42. Qc5 Rb1 43.
Kg2 Rb2 44. Qd4 Rf8 45. Qd6 Kg8 46. a5 Re2 47. Qd5+ Kh8 48. c4 Ree8 49. Qd6 Rd8 50.
Qb4 Rc8 51. c5 Rcd8 52. Qb6 Rc8 53. Qxb7 Rxc5 54. Qxa6 Rcf5 55. Qb6 Rf4 56. a6 Rg4+ 57. Kh3 Rg1 58. Qd6 Kg8 59. a7 Rxf1 60. Qxf8+ Kxf8 61.
a8=Q+ Kf7 62. Qa2+ Kf8 63. Qa8+ Kf7 64. Kg2 Rg1+ 65.
Kxf2 Rg4 66. Qd5+ Kg6 67. Qe6+ Kh5 68. Qf7+ g6 69. Qxh7# 1-0

[Event "Early-Titled-Tuesday-Blitz-February-13-2024"]
[Site "Chess.com"]
[Date "2024.02.13"]
[Round "5"]
[White "arctic_t00"]
[Black "Sanan_Sjugirov"]
[Result "0-1"]
[WhiteElo "2702"]
[BlackElo "2998"]
[TimeControl "180+1"]
[EndTime "9:01:09 PST"]
[Termination "Sanan_Sjugirov won by resignation"]

1. d4 Nf6 2. Nf3 d5 3. c4 e6 4.
e3 a6 5. Nbd2 b6 6. b3 Bb7 7. Bb2 Bd6 8. Bd3 O-O 9. O-O Nbd7 10. Rc1 Re8 11. Ne5 dxc4 12. Ndxc4 Bf8 13. Qe2 g6 14.
Rfd1 Bg7 15. Nd2 Nxe5 16. dxe5 Nd7 17. Be4 Qc8 18. Qf3 Rb8 19. Qg3 Rd8 20. h4 Nc5 21. Bxb7 Qxb7 22. Bd4 Nd3 23. Rc3 Nb4 24. a3 Nc6 25. Nf3 Ne7 26. Rcd3 Qd5 27. Qf4 Qb5 28. Ng5 Qe8 29. Ne4 Nf5 30. Nf6+ Bxf6 31. exf6 Nxd4 32. exd4 Rd5 33. g4 Qd8 34. g5 h5 35. Rc3 c5 36.
Rc4 b5 37. Rcc1 cxd4 38. Rc6 d3 39. Rd2 Rc8 40. Rxa6 Rd4 41. Qe5 Rg4+ 42. Kh2 Rxh4+ 43. Kg3 Rg4+ 44. Kh3 Rd4 45. Ra7 Rd5 46. Qe3 e5 47. Kg3 Qd6 48. Re7 e4+ 49. Kg2 Rcc5 50. Rxe4 Rxg5+ 51.
Kh3 Qxf6 52. Re8+ Kg7 53. Qxd3 Rgf5 54. Qg3 Rf3 55. Rd3 Rxg3+ 56. Rxg3 Rc3 57. f3 Rxf3 58. Re3 Rxg3+ 59. Rxg3 Qf5+ 0-1

[Event "Early-Titled-Tuesday-Blitz-February-13-2024"]
[Site "Chess.com"]
[Date "2024.02.13"]
[Round "5"]
[White "Manukyan_Artak"]
[Black "KNVB"]
[Result "1-0"]
[WhiteElo "2543"]
[BlackElo "2866"]
[TimeControl "180+1"]
[EndTime "9:01:12 PST"]
[Termination "Manukyan_Artak won on time"]

1. e4 b6 2. d4 Bb7 3. Bd3 e6 4. Nf3 d5 5. e5 Ba6 6. Bxa6 Nxa6 7. c3 Qd7 8. O-O Ne7 9. Re1 c5 10. Nbd2 Rc8 11. Nf1 cxd4 12. Nxd4 Nc6 13. Nxc6 Qxc6 14. Qg4 Qc4 15. Qg3 Nc5 16. Be3 Nd3 17. Reb1 h5 18.
Bd4 Nc5 19. Ne3 Qd3 20. Rd1 Qg6 21. Qxg6 fxg6 22. a4 Nb3 23. Ra2 Be7 24. Nc2 Kd7 25.
Be3 Bc5 26. Nd4 Bxd4 27. Bxd4 Rc4 28. Ra3 Nxd4 29. Rxd4 Rxd4 30. cxd4 Rc8 31. Kf1 Rc1+ 32. Ke2 Rc2+ 33. Ke1 Rxb2 34. Rg3 Ke7 35. Rxg6 Kf7 36.
Rg5 Rb4 37. Rxh5 Rxd4 38. a5 b5 39. Rh8 Ra4 40. Rb8 Rxa5 41. h4 Ra4 42. g3 Re4+ 43.
Kf1 Rxe5 44. Rxb5 Kf6 45. Ra5 d4 46. Rxa7 g6 47. Rd7 Re4 48. f3 Re3 49. Kf2 Rd3 50. g4 e5 51. h5 gxh5 52. gxh5 Kg5 53. Re7 Kf6 54. Rd7 Kg5 55. Re7 Re3 56. Rh7 Ra3 57. h6 Kg6 58. Rh8 Ra7 59. Re8 Ra5 60. Re6+ Kh7 61.
Ke2 Rc5 62. Kd2 Rb5 63. Rf6 Rc5 64. Re6 Ra5 65. Rf6 Ra2+ 66. Kd3 Ra3+ 67. Kd2 Ra2+ 68. Kd3 Rf2 69. Kc4 Re2 70. f4 1-0